 Dungeon Crawl Stone Soup version 0.29.1-14-g9c671dbff4 (webtiles) character file.

Game seed: 6557770997069814164

210 croobank the Sneak (level 5, -1/37 HPs)
             Began as an Octopode Delver on Feb 17, 2023.
             Slain by a hound (5 damage)
             ... on level 4 of the Dungeon.
             The game lasted 00:08:47 (3470 turns).

croobank the Sneak (Octopode Delver)                Turns: 3470, Time: 00:08:47

Health: -1/37      AC:  1    Str: 11    XL:     5   Next: 87%
Magic:  7/7        EV: 14    Int: 15    God:
Gold:   141        SH:  0    Dex: 13    Spells: 7/7 levels left

rFire   . . .      SeeInvis .   a - +0 hand axe
rCold   . . .      Faith    .   (no shield)
rNeg    . . .      Spirit   .   (helmet restricted)
rPois   .          Reflect  .   (no amulet)
rElec   .          Harm     .   (no ring)
rCorr   .          Rampage  .   (no ring)
Will    .....                   (no ring)
Stlth   +++++.....              (no ring)
HPRegen 0.12/turn               (no ring)
MPRegen 0.10/turn               (no ring)
                                (no ring)
                                (no ring)

@: weak-willed, hasted, very quick
A: almost no armour, amphibious, 8 rings, camouflage 1, gelatinous body 1,
(nimble swimmer 1), tentacles
a: no special abilities


You were on level 4 of the Dungeon.
You visited 2 branches of the dungeon, and saw 7 of its levels.

You collected 141 gold pieces.

Inventory:

Hand Weapons
 a - a +0 hand axe (weapon)
 i - a +0 quarterstaff
 p - a +0 dagger of flaming
Wands
 f - a wand of digging (1)
 v - a wand of flame (28)
 w - a wand of iceblast (6)
Scrolls
 b - a scroll of fog
 d - 4 scrolls of identify
 g - 4 scrolls of noise {unknown}
 l - a scroll of poison {unknown}
 n - a scroll of summoning {unknown}
 r - a scroll of butterflies {unknown}
 t - a scroll of magic mapping
Potions
 c - a potion of resistance
 e - a potion of lignification {unknown}
 h - 2 potions of invisibility {unknown}
 k - a potion of mutation {unknown}
 m - 2 potions of ambrosia {unknown}
 o - a potion of magic {unknown}
 q - a potion of brilliance {unknown}
 s - 2 potions of curing {unknown}


   Skills:
 + Level 3.9 Fighting
 + Level 3.2 Axes
 + Level 3.2 Dodging
 + Level 7.6 Stealth
 * Level 1.5 Spellcasting


You had 7 spell levels left.
You didn't know any spells.
Your spell library contained the following spells:

 Spells                   Type           Power      Damage    Failure   Level
 Shock                    Conj/Air       4%         1d3       24%         1
 Static Discharge         Conj/Air       1%         3-4/arc   34%         2
 Conjure Flame            Conj/Fire      1%         6-21      56%         3
 Ignite Poison            Fire/Tmut/Pois 1%         N/A       56%         3
 Swiftness                Air            1%         N/A       56%         3
 Airstrike                Air            0%         2d(1-17)  93%         4
 Dispel Undead            Necr           1%         3d6       93%         4
 Sticky Flame             Conj/Fire      1%         2d3       93%         4


Dungeon Overview and Level Annotations

Branches:
Dungeon (6/15)             Temple (1/1) D:5

Altars:
Dithmenos
Elyvilon
Fedhas
Gozag
Hepliaklqana
Makhleb
Nemelex Xobeh
Okawaru
Qazlal
Sif Muna
Yredelemnul
The Shining One

Annotations:
D:2 1 runed translucent door, Crazy Yiuf
D:3 1 runed translucent door, sigtrap's ghost, amateur SpHu


Innate Abilities, Weirdness & Mutations

You cannot wear most types of armour.
You are amphibious.
You can wear up to eight rings at the same time.
Your skin changes colour to match your surroundings (Stealth+).
Your rubbery body absorbs attacks. (AC +1, EV +1)
((You are camouflaged when in or above water. (Stealth+)))
You have tentacles for arms and can constrict up to eight enemies at once.


Message History

A howler monkey comes into view.
Found a lumpy golden potion.
Found a ring mail.
The howler monkey howls!
The hound barks!
You hear a shout! x2
You hit the hound but do no damage. Your grab misses the hound.
Your squeeze misses the hound. The hound closely misses you.
An ogre comes into view. It is wielding a +0 giant club.
The hound misses you.
The ogre shouts!
You hit the hound but do no damage. You grab the hound.
You constrict the hound, but do no damage.
The hound closely misses you. The ogre closely misses you.
You hit the hound.
You tentacle-slap the hound, but do no damage.
The hound is lightly wounded.
You hit the ogre. You constrict the hound. The hound bites you.
The howler monkey hoots and howls with incredible vigour!
The hound closely misses you.
You hear a shout!
You hear an angry hiss.
You hear a shout!
Okay, then.
Okay, then.
As you read the scroll labelled OXASER MATZY, it crumbles to dust.
It is a scroll of identify.
c - a potion of resistance You constrict the hound.
The hound bites you.
The ogre hits you with a +0 giant club!!
Ouch! That really hurt!
* * * LOW HITPOINT WARNING * * *
As you read the scroll labelled VAHEEX QENE, it crumbles to dust.
Magic quickly surges around you.
It was a scroll of vulnerability.
You constrict the hound. The hound closely misses you. x2
The ogre misses you.
Okay, then.
You feel yourself speed up.
You constrict the hound. The hound bites you.
* * * LOW HITPOINT WARNING * * *
You release your grip on the hound.
The hound misses you. The hound attacks as you move away! The hound misses you.
The howler monkey hoots and howls with incredible vigour!
The hound attacks as you move away! The hound bites you.
You die...

##.........#######....#
#...................##
#.........<..######..###.###
#....[....................(. .
##.........#########.###....K.
##...#...## #.### ....
##################...# ....
#..........####.# .....
#.....@h#....#.#......
#######..###O.h.......
##...###.#......
###..##.#...... #.#... .....
........... ....[.....
....!..... ###......


You could see a hound (weak-willed).

Vanquished Creatures
  A scorpion (D:4)
  An iguana (D:3)
  2 orc wizards (D:4)
  2 adders (D:3)
  A worm (D:2)
  A dart slug (D:3)
  3 orcs
  5 ball pythons
  5 giant cockroaches (D:1)
  6 goblins
  3 hobgoblins
  4 jackals (D:1)
  2 quokkas
  4 bats
  3 frilled lizards
  6 kobolds
  3 rats
  A spectral kobold (D:1)
53 creatures vanquished.

Vanquished Creatures (others)
  30 fungi (D:3)
  2 withered plants (D:3)
32 creatures vanquished.

Grand Total: 85 creatures vanquished

Notes
Turn   | Place    | Note
-------+----------+-------------------------------------------
     0 | D:5      | croobank the Octopode Delver began the quest for the Orb.
     0 | D:5      | Reached XP level 1. HP: 16/16 MP: 1/1
    18 | D:6      | Noticed an iguana
    65 | Temple   | Entered the Ecumenical Temple
   145 | D:5      | Noticed an iguana
   193 | D:5      | Noticed a necrophage
   312 | D:5      | Noticed a hound
   346 | D:4      | Noticed an iguana
   353 | D:4      | Noticed a scorpion
   411 | D:3      | Found a runed translucent door.
   412 | D:3      | Noticed sigtrap's ghost (amateur SpHu)
   431 | D:3      | Reached XP level 2. HP: 13/21 MP: 2/2
   617 | D:3      | Reached skill level 7 in Stealth
   617 | D:3      | Reached XP level 3. HP: 14/26 MP: 3/3
  1032 | D:1      | Found a faded altar of an unknown god.
  1273 | D:1      | You fall into a shaft and drop 1 floor!
  1291 | D:1      | Reached XP level 4. HP: 27/31 MP: 4/4
  2153 | D:2      | Found a runed translucent door.
  2154 | D:2      | Noticed Crazy Yiuf
  2787 | D:3      | Found a shimmering blue altar of Sif Muna.
  2803 | D:3      | Found a shadowy altar of Dithmenos.
  3016 | D:4      | Reached XP level 5. HP: 13/37 MP: 5/5
  3018 | D:4      | Reached skill level 1 in Spellcasting
  3456 | D:4      | Noticed an ogre
  3470 | D:4      | Slain by a hound

Illustrated notes

Levels and vault maps discovered:
D:1:      roderic_octagonal_star, layout_loops_ring,
          dreamdust_ecumenical_altar_drowned_temple
D:2:      layout_basic, uniq_crazy_yiuf_cottage
D:3:      layout_basic, mainiacjoe_overflow_catch_the_wave,
          gammafunk_ghost_grave
D:4:      layout_rooms, lemuel_tele_altar, mainiacjoe_overflow_paths,
          chequers_serial_rivers_micro_b, kennysheep_cluttered_room,
          kennysheep_generic_room_3
D:5:      layout_loops_corners, minmay_temple_entry_tees
D:6:      layout_basic, tgw_xom, grunt_ministairs_14
Temple:   hellmonk_temple_forest_ring

Skill      XL: |  1  2  3  4  5 |
---------------+----------------+-----
Stealth        | 7 |  7.6
Axes           | 3 |  3.2
Dodging        | 3 |  3.2
Spellcasting   | 1 |  1.5
Fighting       | |  3.9

Action                   |  1- 3 |  4- 6 || total
-------------------------+-------+-------++-------
Melee: Hand axe          |    47 |    66 ||   113
       Constrict         |    12 |    17 ||    29
       Tentacles         |     6 |    11 ||    17
       Punch             |       |     1 ||     1
Evoke: Wand              |     2 |     1 ||     3
  Use: Scroll            |     2 |     2 ||     4
       Potion            |     1 |     1 ||     2
 Stab: Sleeping          |     7 |     9 ||    16
Armor: Skin              |     4 |     6 ||    10
Dodge: Dodged            |    36 |    76 ||   112
